 Dungeon Crawl Stone Soup version 0.29-a0-575-g0dc89cf053 (webtiles) character file.

Game seed: 8055910522066052151

3780 DocClef the Covert (level 10, -5/81 HPs)
             Began as a Gnoll Delver on June 12, 2022.
             Was a Priest of Okawaru.
             Slain by an acid dragon (9 damage)
             ... on level 9 of the Dungeon.
             The game lasted 00:09:10 (9376 turns).

DocClef the Covert (Gnoll Delver)                   Turns: 9376, Time: 00:09:11

Health: -5/81      AC:  0    Str: 12    XL:     10   Next: 16%
Magic:  17/17      EV: 15    Int: 14    God:    Okawaru [***...]
Gold:   355        SH:  0    Dex: 17    Spells: 19/19 levels left

rFire   + + +      SeeInvis .   m - +6 falchion of Luxury {vorpal, Fragile rF+++ Int+4}
rCold   + . .      Faith    .   (no shield)
rNeg    . . .      Spirit   .   b - +0 leather armour
rPois   .          Reflect  .   o - +0 helmet
rElec   .          Harm     .   q - scarf {rC+ rF+}
rCorr   .          Rampage  .   i - +0 pair of gloves
Will    .....                   s - +0 pair of boots
Stlth   +++++.....              (no amulet)
HPRegen 0.23/turn               D - ring of protection from fire
MPRegen 0.15/turn               (no ring)

@: corroded
A: fangs 1, strong nose, distributed training
a: Renounce Religion, Heroism


You were on level 9 of the Dungeon.
You worshipped Okawaru.
Okawaru was most pleased with you.
You visited 1 branch of the dungeon, and saw 9 of its levels.

You collected 355 gold pieces.

Inventory:

Hand Weapons
 l - a +2 whip of venom
 m - the +6 falchion of Luxury (weapon) {vorpal, Fragile rF+++ Int+4}
   (You found it on level 4 of the Dungeon)

   It inflicts extra damage upon your enemies.
   Int:       It affects your intelligence (+4).
   rF:        It renders you almost immune to fire.
   Fragile:   It will be destroyed if unequipped.
 M - a +1 shortbow of freezing
Missiles
 x - a curare-tipped dart (quivered)
Armour
 b - a +0 leather armour (worn)
 i - a +0 pair of gloves (worn)
 o - a +0 helmet (worn)
 q - a scarf of resistance (worn)
 s - a +0 pair of boots (worn)
Jewellery
 D - a ring of protection from fire (left hand)
 E - a +6 ring of intelligence
Wands
 g - a wand of digging (3)
 k - a wand of acid (7)
 C - a wand of flame (12)
Scrolls
 c - a scroll of fog
 d - 2 scrolls of magic mapping
 e - 2 scrolls of fear
 f - a scroll of brand weapon {unknown}
 h - a scroll of silence {unknown}
 j - 5 scrolls of enchant armour {unknown}
 n - 4 scrolls of enchant weapon {unknown}
 p - 6 scrolls of identify {unknown}
 r - a scroll of teleportation {unknown}
 t - a scroll of poison {unknown}
 y - 2 scrolls of immolation {unknown}
 F - a scroll of noise {unknown}
 G - a scroll of summoning {unknown}
 K - a scroll of vulnerability {unknown}
 L - a scroll of acquirement {unknown}
Potions
 u - a potion of heal wounds
 v - 2 potions of berserk rage {unknown}
 w - a potion of resistance {unknown}
 z - 2 potions of lignification {unknown}
 A - a potion of magic {unknown}
 B - a potion of haste
 H - a potion of mutation {unknown}
 I - a potion of attraction {unknown}
 J - a potion of ambrosia {unknown}


   Skills:
 + Level 8.3 Fighting
 + Level 6.8 Short Blades
 + Level 5.0 Long Blades
 + Level 5.0 Axes
 + Level 5.0 Maces & Flails
 + Level 5.0 Polearms
 + Level 5.0 Staves
 + Level 5.0 Slings
 + Level 5.0 Bows
 + Level 5.0 Crossbows
 + Level 5.0 Throwing
 + Level 5.0 Armour
 + Level 6.8 Dodging
 + Level 10.8 Stealth
 + Level 5.0 Shields
 + Level 5.0 Unarmed Combat
 + Level 5.0 Spellcasting
 + Level 4.1 Conjurations
 + Level 4.1 Hexes
 + Level 4.1 Summonings
 + Level 4.1 Necromancy
 + Level 4.1 Translocations
 + Level 4.1 Transmutations
 + Level 4.1 Fire Magic
 + Level 4.1 Ice Magic
 + Level 4.1 Air Magic
 + Level 4.1 Earth Magic
 + Level 4.1 Poison Magic
 + Level 5.5 Invocations
 + Level 5.0 Evocations


You had 19 spell levels left.
You didn't know any spells.
Your spell library contained the following spells:

 Spells                   Type           Power      Damage    Failure   Level
 Magic Dart               Conj           60%        1d6       4%          1
 Blink                    Tloc           30%        N/A       6%          2
 Searing Ray              Conj           30%        2d5       6%          2
 Sublimation of Blood     Necr           15%        N/A       6%          2
 Wereblood                Tmut           15%        N/A       6%          2
 Confusing Touch          Hex            15%        N/A       12%         3
 Conjure Flame            Conj/Fire      15%        6-21      12%         3
 Gell's Gravitas          Tloc           15%        N/A       12%         3
 Ignite Poison            Fire/Tmut/Pois 15%        N/A       12%         3
 Teleport Other           Tloc           15%        N/A       12%         3
 Fulminant Prism          Conj/Hex       7%         3d7       38%         4
 Sticky Flame             Conj/Fire      15%        2d4       38%         4
 Manifold Assault         Tloc           15%        N/A       75%         5
 Yara's Violent Unravell  Hex/Tmut       7%         3d5       75%         5
 Dispersal                Tloc           7%         N/A       99%         6
 Enfeeble                 Hex            7%         N/A       100%        7
 Storm Form               Tmut/Air       7%         N/A       100%        7
 Summon Hydra             Summ           Unusable   N/A       N/A         7

Dungeon Overview and Level Annotations

Branches:
Dungeon (9/15)             Temple (0/1) D:7
   Lair: D:8-11         Orc: D:9-12

Altars:
Nemelex Xobeh
Okawaru
Qazlal
Trog
Yredelemnul
The Shining One

Shops:
D:4 ?*


Innate Abilities, Weirdness & Mutations

You have very sharp teeth.
Your uncanny sense of smell can sniff out nearby items.
Your experience applies equally to all skills.


Message History

The acid dragon bites you! The acid dragon closely misses you.
The acid dragon completely misses you. The acid dragon misses you.
You closely miss the acid dragon.
The acid dragon is moderately wounded.
An orc warrior comes into view. It is wielding a +0 battleaxe.
The acid dragon barely misses you. The acid dragon closely misses you.
You hit the acid dragon.
The acid dragon is moderately wounded.
The acid dragon bites you.
The acid dragon claws you but does no damage.
You barely miss the acid dragon.
The acid dragon is moderately wounded.
The acid dragon misses you. The acid dragon claws you.
You hit the acid dragon.
The acid dragon is heavily wounded.
The acid dragon bites you but does no damage.
The acid dragon claws you but does no damage.
You barely miss the acid dragon.
The acid dragon is heavily wounded.
The acid dragon bites you. The acid dragon misses you.
An acid dragon comes into view.
You closely miss the acid dragon.
The acid dragon roars!
Your punch misses the acid dragon.
The acid dragon is heavily wounded.
The acid dragon bites you! The acid dragon closely misses you.
You hit the acid dragon but do no damage.
The acid dragon is heavily wounded.
The acid dragon spits acid at you. The splash of acid hits you!!
* * * LOW HITPOINT WARNING * * *
The acid corrodes you!
You hear a bellow! x2
You hit the acid dragon but do no damage.
The acid dragon is heavily wounded.
The acid dragon closely misses you. The acid dragon claws you.
* * * LOW HITPOINT WARNING * * *
Unknown command.
The acid dragon bites you!
You die...

#...........# #.#
#...........# #.#
#......######
######.####
#......#
#.........#
#......#
#.###.....#
#......# #.#
#.....# #......# #
#.# #..####
#..$...# #.###.#
#..# #......#
###....@# #..#
#..............DD#
#..#
≈≈≈≈≈≈≈≈≈#....o..#
#..#
#cy######≈....#..#
≈....#..# ≈...
#..# ≈... #..# ≈..
#$.. #...


You could see an orc warrior and 2 acid dragons.

Vanquished Creatures
  Grinder (D:5)
  A wyvern (D:6)
  2 steam dragons
  Eustachio (D:6)
  An acid dragon (D:8)
  3 water moccasins
  An ice beast (D:5)
  3 sky beasts (D:6)
  3 black bears
  An ogre (D:4)
  4 centaurs
  A phantom (D:4)
  2 kobold brigands
  4 bullfrogs
  A necrophage (D:8)
  2 scorpions (D:5)
  3 killer bees (D:8)
  A crimson imp (D:6)
  4 orc priests
  3 hounds
  2 jellies
  5 iguanas
  3 orc wizards
  4 gnolls
  11 adders
  2 shadow imps
  A white imp (D:6)
  An ufetubus (D:4)
  3 worms
  4 dart slugs
  13 orcs
  5 bats
  2 endoplasms
  4 giant cockroaches
  7 goblins
  3 hobgoblins
  4 jackals (D:1)
  4 quokkas
  9 ball pythons
  5 frilled lizards
  14 kobolds
  4 rats (D:1)
152 creatures vanquished.

Notes
Turn   | Place    | Note
-------+----------+-------------------------------------------
     0 | D:5      | Reached skill level 9 in Stealth
     0 | D:5      | DocClef the Gnoll Delver began the quest for the Orb.
     0 | D:5      | Reached XP level 1. HP: 23/23 MP: 1/1
     5 | D:5      | Noticed a scorpion
    12 | D:5      | Killed a scorpion
    13 | D:5      | Reached skill level 1 in Long Blades
    13 | D:5      | Reached skill level 1 in Axes
    13 | D:5      | Reached skill level 1 in Maces & Flails
    13 | D:5      | Reached skill level 1 in Polearms
    13 | D:5      | Reached skill level 1 in Staves
    13 | D:5      | Reached skill level 1 in Slings
    13 | D:5      | Reached skill level 1 in Bows
    13 | D:5      | Reached skill level 1 in Crossbows
    13 | D:5      | Reached skill level 1 in Throwing
    13 | D:5      | Reached skill level 1 in Armour
    13 | D:5      | Reached skill level 1 in Shields
    13 | D:5      | Reached skill level 1 in Unarmed Combat
    13 | D:5      | Reached skill level 1 in Spellcasting
    13 | D:5      | Reached skill level 1 in Invocations
    13 | D:5      | Reached skill level 1 in Evocations
    13 | D:5      | Reached XP level 2. HP: 29/29 MP: 1/3
    13 | D:5      | Reached XP level 3. HP: 35/35 MP: 1/4
    13 | D:5      | Reached XP level 4. HP: 41/41 MP: 1/5
    93 | D:5      | Noticed a black bear
   154 | D:4      | Reached skill level 1 in Conjurations
   154 | D:4      | Reached skill level 1 in Hexes
   154 | D:4      | Reached skill level 1 in Summonings
   154 | D:4      | Reached skill level 1 in Necromancy
   154 | D:4      | Reached skill level 1 in Translocations
   154 | D:4      | Reached skill level 1 in Transmutations
   154 | D:4      | Reached skill level 1 in Fire Magic
   154 | D:4      | Reached skill level 1 in Ice Magic
   154 | D:4      | Reached skill level 1 in Air Magic
   154 | D:4      | Reached skill level 1 in Earth Magic
   154 | D:4      | Reached skill level 1 in Poison Magic
   158 | D:4      | Noticed an ogre
   165 | D:4      | Killed an ogre
   166 | D:4      | Reached XP level 5. HP: 47/47 MP: 5/7
   247 | D:4      | Found Hisuef's Magic Scroll Emporium.
   531 | D:3      | Found a stormy altar of Qazlal.
   851 | D:3      | Found a basalt altar of Yredelemnul.
   892 | D:3      | Reached XP level 6. HP: 53/53 MP: 8/8
  1189 | D:3      | Reached skill level 5 in Short Blades
  1189 | D:3      | Reached skill level 5 in Dodging
  1485 | D:3      | Identified the +3 mace of Eternal Vigilance {flame, rElec
                  | rC- Will++}
  2707 | D:2      | You fall into a shaft and drop 2 floors!
  2770 | D:4      | Found an iron altar of Okawaru.
  2791 | D:4      | Became a worshipper of Warmaster Okawaru
  2802 | D:4      | Reached XP level 7. HP: 12/60 MP: 10/10
  3108 | D:4      | Found Ezyng's Serpentskin Sales.
  3142 | D:4      | HP: 3/60 [adder (1)]
  3146 | D:4      | Reached skill level 10 in Stealth
  3739 | D:4      | Identified the +6 falchion of Luxury {vorpal, Fragile rF+++
                  | Int+4}
  4703 | D:1      | Reached XP level 8. HP: 67/67 MP: 12/12
  4741 | D:1      | Found a faded altar of an unknown god.
  5087 | D:5      | Reached * piety under Okawaru
  5165 | D:5      | Noticed Grinder
  5408 | D:6      | Noticed Eustachio
  5428 | D:6      | Killed Eustachio
  5715 | D:6      | Noticed a wyvern
  5725 | D:6      | Killed a wyvern
  5731 | D:6      | Reached XP level 9. HP: 46/72 MP: 12/14
  6113 | D:6      | Reached ** piety under Okawaru
  6308 | D:6      | Found a sparkling altar of Nemelex Xobeh.
  6619 | D:5      | Paralysed by Grinder for 5 turns
  6638 | D:5      | Killed Grinder
  7107 | D:7      | Found a staircase to the Ecumenical Temple.
  7677 | D:8      | Found a bloodstained altar of Trog.
  7687 | D:8      | Reached skill level 5 in Invocations
  7698 | D:8      | HP: 3/74 [killer bee (5)]
  7722 | D:8      | Reached *** piety under Okawaru
  8106 | D:8      | Found a glowing golden altar of the Shining One.
  8206 | D:8      | Reached XP level 10. HP: 61/80 MP: 17/17
  9146 | D:9      | Reached skill level 5 in Long Blades
  9146 | D:9      | Reached skill level 5 in Axes
  9146 | D:9      | Reached skill level 5 in Maces & Flails
  9146 | D:9      | Reached skill level 5 in Polearms
  9146 | D:9      | Reached skill level 5 in Staves
  9146 | D:9      | Reached skill level 5 in Slings
  9146 | D:9      | Reached skill level 5 in Bows
  9146 | D:9      | Reached skill level 5 in Crossbows
  9146 | D:9      | Reached skill level 5 in Throwing
  9146 | D:9      | Reached skill level 5 in Armour
  9146 | D:9      | Reached skill level 5 in Shields
  9146 | D:9      | Reached skill level 5 in Unarmed Combat
  9146 | D:9      | Reached skill level 5 in Spellcasting
  9146 | D:9      | Reached skill level 5 in Evocations
  9375 | D:9      | HP: 4/81 [acid dragon (6)]
  9376 | D:9      | Slain by an acid dragon

Illustrated notes

Levels and vault maps discovered:
D:1:      nzn_arrival_crosshair, layout_rooms,
          shapermc_ecumenical_altar_starsandcircs
D:2:      layout_basic
D:3:      layout_loops_corners, yredelemnul_altar_generic, lemuel_crystal_altar,
          cheibrodos_gnoll_hut
D:4:      layout_cave_pools, kennysheep_okawaru_gauntlet, serial_shops, shop,
          roderic_lattice_a, hangedman_decor_riveting, guppyfry_shop_venom
D:5:      layout_rooms, st_stairs_4, uniq_grinder
D:6:      layout_basic, mainiacjoe_overflow_surrounded_room, serial_rivers,
          chequers_serial_rivers_room_a, chequers_serial_rivers_small_3,
          chequers_serial_rivers_micro_e, chequers_serial_rivers_small_a,
          chequers_serial_rivers_room_a, chequers_serial_rivers_small_a,
          minmay_fire_ice_demons, uniq_eustachio
D:7:      layout_cave_pools, minmay_temple_entry_stoned_glass
D:8:      layout_gridville, trog_ov_bears_minmay,
          mainiacjoe_overflow_tiny_flanked, serial_co_window_serial,
          co_window_corner_a, co_window_paths_b, co_window_paths_b,
          co_window_corner_a, co_window_paths_a, co_window_of_opportunity_b,
          co_window_paths_c, co_window_corner_cb, co_window_corner_b,
          co_window_paths_c, co_window_paths_e, glass_columns_b,
          glass_columns_a, glass_columns_a, patterned_corridor
D:9:      cheibrodos_ideogram_h, layout_long_grid, zombieorc1_lemuel,
          st_stairs_14, dreamdust_princess_bridge,
          hangedman_abyss_or_decor_stagger, nicolae_looking_at_the_future

Skill      XL: |  1  2  3  4  5  6  7  8  9 10 |
---------------+-------------------------------+-----
Stealth        | 10 | 10.8
Long Blades    | 1 2 3 4 5 |  5.0
Axes           | 1 2 3 4 5 |  5.0
Maces & Flails | 1 2 3 4 5 |  5.0
Polearms       | 1 2 3 4 5 |  5.0
Staves         | 1 2 3 4 5 |  5.0
Slings         | 1 2 3 4 5 |  5.0
Bows           | 1 2 3 4 5 |  5.0
Crossbows      | 1 2 3 4 5 |  5.0
Throwing       | 1 2 3 4 5 |  5.0
Armour         | 1 2 3 4 5 |  5.0
Shields        | 1 2 3 4 5 |  5.0
Unarmed Combat | 1 2 3 4 5 |  5.0
Spellcasting   | 1 2 3 4 5 |  5.0
Invocations    | 1 2 3 4 5 |  5.5
Evocations     | 1 2 3 4 5 |  5.0
Conjurations   | 1 2 3 4 |  4.1
Hexes          | 1 2 3 4 |  4.1
Summonings     | 1 2 3 4 |  4.1
Necromancy     | 1 2 3 4 |  4.1
Translocations | 1 2 3 4 |  4.1
Transmutations | 1 2 3 4 |  4.1
Fire Magic     | 1 2 3 4 |  4.1
Ice Magic      | 1 2 3 4 |  4.1
Air Magic      | 1 2 3 4 |  4.1
Earth Magic    | 1 2 3 4 |  4.1
Poison Magic   | 1 2 3 4 |  4.1
Short Blades   | 5 6 |  6.8
Dodging        | 5 6 |  6.8
Fighting       | 7 8 |  8.3

Action                   |  1- 3 |  4- 6 |  7- 9 | 10-12 || total
-------------------------+-------+-------+-------+-------++-------
Melee: Short sword       |     1 |   173 |       |       ||   174
       Whip              |       |    25 |    59 |       ||    84
       Bite              |       |    15 |    19 |     3 ||    37
       Punch             |       |     2 |    10 |     3 ||    15
       Falchion          |       |       |   228 |    45 ||   273
Invok: Heroism           |       |       |     3 |       ||     3
  Use: Potion            |       |     3 |     8 |       ||    11
 Stab: Sleeping          |     1 |    12 |    22 |     3 ||    38
       Distracted        |       |       |     3 |       ||     3
Armor: Leather armour    |       |    50 |   110 |    22 ||   182
Dodge: Dodged            |       |   151 |   321 |    53 ||   525

Table legend: (Time is in decaauts)
 A = Elapsed time spent in this place.
 B = Non-inter-level travel time spent in this place.
 C = Inter-level travel time spent in this place.
 D = Time resting spent in this place.
 E = Time spent auto-exploring this place.
 F = Levels seen in this place.
 G = Mean time per level.
                   A        B        C        D        E       F      G
               +--------+--------+--------+--------+--------+-----+--------+
         Total |   9373 |   8922 |    451 |    611 |   6896 |   9 | 1041.4 |
       Dungeon |   9373 |   8922 |    451 |    611 |   6896 |   9 | 1041.4 |
               +--------+--------+--------+--------+--------+-----+--------+

Top non-repeatable levels by time:
     D:4: 1706 daAuts
     D:3: 1619 daAuts
     D:8: 1522 daAuts
     D:6: 1488 daAuts
     D:2: 1106 daAuts
     D:5: 675 daAuts
     D:1: 488 daAuts
     D:7: 488 daAuts
     D:9: 278 daAuts
